 Dungeon Crawl Stone Soup version 0.28-a0-938-gbc3f381ebc (webtiles) character file.

Game seed: 11006587530304612140

273 enile the Stinger (level 6, -5/36 (44) HPs)
             Began as a Naga Venom Mage on Nov 28, 2021.
             Was a Plaything of Xom.
             Slain by a water moccasin (6 damage)
             ... on level 3 of the Dungeon.
             The game lasted 00:10:40 (5134 turns).

enile the Stinger (Naga Venom Mage)                 Turns: 5134, Time: 00:10:40

HP:   -5/36 (44)    AC:  8    Str: 11    XL:     6   Next: 24%
MP:   4/10          EV:  8    Int: 16    God:    Xom [*.....]
Gold: 123           SH:  0    Dex: 12    Spells: 8/11 levels left

rFire   . . .      SeeInvis +   l - +4 dagger (venom)
rCold   . . .      Faith    .   (no shield)
rNeg    . . .      Spirit   .   k - +4 ring mail {rPois}
rPois   +          Reflect  .   (no helmet)
rElec   .          Harm     .   (no cloak)
rCorr   .          Rampage  .   (no gloves)
Will    .....                   (no barding)
Stlth   +.........              (no amulet)
HPRegen 0.12/turn               (no ring)
MPRegen 0.12/turn               (no ring)

@: heavily drained, very slow
A: AC +2, large, see invisible, deformed body, poison resistance, slowness 2,
spit poison 1, naga tail 1, frail 2, passive freeze
a: Spit Poison, Renounce Religion


You were on level 3 of the Dungeon.
You worshipped Xom.
You were a special plaything of Xom.
You visited 1 branch of the dungeon, and saw 4 of its levels.

You collected 123 gold pieces.

Inventory:

Hand Weapons
 i - a +0 dagger
 j - a +1 vampiric hand axe
 l - a +4 dagger of venom (weapon)
Armour
 a - a +0 robe
 k - a +4 ring mail of poison resistance (worn)
Wands
 g - a wand of polymorph (7)
Scrolls
 b - a scroll of enchant armour
 c - a scroll of fear {unknown}
 e - 2 scrolls of immolation {unknown}
 f - 2 scrolls of teleportation {unknown}
 h - a scroll of amnesia
 m - a scroll of identify
 n - a scroll of summoning {unknown}
Potions
 d - a potion of curing


   Skills:
 - Level 3.0 Fighting
 - Level 2.0 Short Blades
 + Level 0.9 Armour
 - Level 2.0 Dodging
 - Level 3.0 Stealth
 - Level 3.0 Spellcasting
 - Level 2.0 Transmutations
 - Level 1.0 Air Magic
 - Level 5.0 Poison Magic


You had 8 spell levels left.
You knew the following spells:

 Your Spells              Type           Power      Damage    Failure   Level
a - Sting                 Tmut/Pois      52%        1d5       11%         1
b - Poisonous Vapours     Pois/Air       24%        N/A       21%         2

Your spell library contained the following spells:

 Spells                   Type           Power      Damage    Failure   Level
 Corpse Rot               Necr/Air       8%         N/A       50%         2
 Olgreb's Toxic Radiance  Pois           18%        N/A       50%         4
 Mephitic Cloud           Conj/Pois/Air  8%         N/A       52%         3
 Metabolic Englaciation   Hex/Ice        1%         N/A       100%        5
 Maxwell's Capacitive Co  Air            2%         ∞         100%        8
 Chain Lightning          Conj/Air       2%         3d2       100%        9
 Polar Vortex             Ice            1%         N/A       100%        9


Dungeon Overview and Level Annotations

Branches:
Dungeon (4/15)
 Temple: D:4-7

Altars:
Xom

Shops:
D:4 *


Innate Abilities, Weirdness & Mutations

Your serpentine skin is tough. (AC +2)
You have supernaturally acute eyesight. (SInv)
Armour fits poorly on your strangely shaped body.
Your system is resistant to poisons. (rPois)
You cover ground very slowly.
You can spit poison.
You have a snake-like lower body.
You are very frail. (-20% HP)
A frigid envelope surrounds you and freezes all who hurt you.


Message History

The ogre hits you with a +0 giant spiked club!!
Ouch! That really hurt!
* * * LOW HITPOINT WARNING * * *
The ogre is very cold.
The ogre is moderately wounded.
Okay, then.
Aiming: Polymorph
Press: ? - help, Shift-Dir - straight line, f - ogre
Aim: an ogre, wielding a +0 giant spiked club (moderately wounded, will become an ice beast, a water moccasin, or a jackal, chance to affect: 46%)
The ogre evaporates and reforms as a water moccasin!
The water moccasin barely misses you.
The water moccasin bites you but does no damage.
Press: ? - help, Shift-Dir - straight line, f/p - water moccasin
Aim: a water moccasin (moderately wounded)
The splash of poison misses the water moccasin.
The water moccasin bites you.
* * * LOW HITPOINT WARNING * * *
The water moccasin is very cold.
The water moccasin seems to slow down.
The water moccasin is heavily wounded.
The water moccasin bites you but does no damage.
Okay, then.
As you read the scroll labelled FONERU OKKISUB, it crumbles to dust.
It is a scroll of identify.
b - a scroll of enchant armour The water moccasin bites you.
* * * LOW HITPOINT WARNING * * *
You emit a cloud of colourful smoke!
The water moccasin is very cold.
The water moccasin is severely wounded.
Okay, then.
You barely miss the water moccasin.
The water moccasin is severely wounded.
You miss the water moccasin.
The water moccasin is severely wounded.
The water moccasin closely misses you.
You hit the water moccasin but do no damage.
The water moccasin is severely wounded.
You have got your breath back.
The water moccasin bites you.
You die...

###### ##########....#
###........#.##.######
#............##.##...# ♣♣♣
#..)......§..##.#....# ♣♣.♣
#..........@§..♣♣.♣..#♣♣♣.PP
####.......§#S).♣..♣♣..♣.P...
#......##...#÷).♣..♣♣..♣.PPPP
#......##...#...♣..♣♣..♣♣♣PP♣
#...........#...♣..P♣...♣P.♣♣
#...........†...♣♣P.♣....♣♣♣♣
#...............♣♣..♣.....##.
####............♣♣.♣♣#...###.
#..........##....♣.♣♣#...###.


You could see a water moccasin (slow).

Vanquished Creatures
  Jessica (D:3)
  Natasha (thrice) (D:2)
  3 gnolls (D:3)
  6 adders
  2 worms
  4 dart slugs
  4 orcs
  5 bats
  5 endoplasms
  4 giant cockroaches
  7 hobgoblins
  3 jackals
  6 kobolds
  2 quokkas
  7 ball pythons
  3 frilled lizards
  7 goblins
  3 rats (D:1)
75 creatures vanquished.

Vanquished Creatures (others)
  A plant (D:3)
1 creature vanquished.

Grand Total: 76 creatures vanquished

Notes
Turn   | Place    | Note
-------+----------+-------------------------------------------
     0 | D:1      | enile the Naga Venom Mage began the quest for the Orb.
     0 | D:1      | Reached XP level 1. HP: 15/15 MP: 3/3
   171 | D:1      | Reached skill level 1 in Fighting
   255 | D:1      | Reached XP level 2. HP: 25/25 MP: 1/5
   588 | D:1      | Learned a level 2 spell: Poisonous Vapours
   885 | D:1      | Reached XP level 3. HP: 31/31 MP: 3/6
  1053 | D:2      | Found a faded altar of an unknown god.
  1061 | D:2      | Prayed at the altar of an unknown god.
  1061 | D:2      | Became a worshipper of Xom of Chaos
  1081 | D:2      | Reached skill level 5 in Poison Magic
  1120 | D:2      | XOM: divination: detect creatures
  1181 | D:2      | XOM: smoke on damage
  1593 | D:2      | Noticed Natasha
  1604 | D:2      | Killed Natasha
  1605 | D:2      | Reached skill level 1 in Air Magic
  1605 | D:2      | Reached XP level 4. HP: 28/39 MP: 4/7
  2073 | D:2      | XOM: 2-stop teleportation journey
  2205 | D:2      | XOM: silly message
  2253 | D:2      | Noticed Natasha
  2268 | D:2      | XOM: silly message
  2277 | D:2      | Killed Natasha
  2278 | D:2      | Reached XP level 5. HP: 24/45 MP: 0/9
  2475 | D:2      | Noticed Natasha
  2584 | D:2      | XOM: god gift: Lemoro's Tome of the Gliding Snowflakes {god
                  | gift}
  2585 | D:2      | Got Lemoro's Tome of the Gliding Snowflakes {god gift}
  3016 | D:2      | XOM: confusion (+ monsters)
  3028 | D:2      | XOM: confusion
  3029 | D:2      | Killed Natasha
  3099 | D:2      | XOM: give mutations
  3099 | D:2      | Gained mutation: You are frail. (-10% HP) [Xom's mischief]
  3099 | D:2      | Gained mutation: You are very frail. (-20% HP) [Xom's
                  | mischief]
  3134 | D:3      | XOM: noise
  3135 | D:3      | Noticed Jessica
  3381 | D:3      | Noticed Terence
  3386 | D:2      | Noticed Terence
  3386 | D:2      | Terence changed into Terence the frilled lizard
  3388 | D:2      | Killed Terence the frilled lizard
  3640 | D:3      | Killed Jessica
  3667 | D:3      | XOM: scenery: create altars
  3797 | D:3      | XOM: give mutation
  3797 | D:3      | Gained mutation: A frigid envelope surrounds you and
                  | freezes all who hurt you. [Xom's mischief]
  3888 | D:3      | Reached skill level 1 in Short Blades
  4035 | D:3      | XOM: god gift: scroll labelled HOAVOWEOPT {god gift}
  4177 | D:3      | Reached XP level 6. HP: 44/44 MP: 1/10
  4512 | D:3      | XOM: draining
  4769 | D:4      | Found Tueff's Assorted Antiques.
  4782 | D:4      | XOM: confusion (+ monsters)
  5128 | D:3      | Noticed a water moccasin
  5128 | D:3      | an ogre changed into a water moccasin
  5131 | D:3      | HP: 1/36 [water moccasin (5)]
  5131 | D:3      | XOM: smoke on damage
  5134 | D:3      | Slain by a water moccasin

Illustrated notes

Levels and vault maps discovered:
D:1:      matt_arrival_diagonals, layout_basic, st_stairs_13
D:2:      layout_basic, basic_ecumenical_altar, minmay_tiny_reverse_x,
          uniq_natasha
D:3:      layout_basic, serial_forest, infiniplex_forest_lined_3,
          infiniplex_forest_lined_3_way, infiniplex_forest_zigzag_1,
          infiniplex_forest_lined_4_way, infiniplex_forest_lined_3,
          infiniplex_forest_clump_tiny, infiniplex_forest_side_room,
          infiniplex_forest_straight_5, infiniplex_forest_end_2,
          amcnicky_mini_pool_small, hangedman_decor_growths, uniq_terence,
          uniq_jessica
D:4:      layout_basic, nemelex_spade_bored_becter,
          mainiacjoe_overflow_brackets, minmay_temple_entry_offerings,
          serial_shops, shop

Skill      XL: |  1  2  3  4  5  6 |
---------------+-------------------+-----
Fighting       | 1 2 3 |  3.0
Dodging        | 2 |  2.0
Poison Magic   | 5 |  5.0
Air Magic      | 1 |  1.0
Transmutations | 2 |  2.0
Spellcasting   | 3 |  3.0
Short Blades   | 1 2 |  2.0
Armour         | |  0.9
Stealth        | |  3.0

Action                   |  1- 3 |  4- 6 || total
-------------------------+-------+-------++-------
Melee: Unarmed           |    31 |    17 ||    48
       Dagger            |       |    48 ||    48
 Cast: Sting             |    42 |    39 ||    81
       Poisonous Vapours |     9 |    44 ||    53
 Abil: Spit Poison       |     2 |     5 ||     7
Evoke: Wand              |       |     2 ||     2
  Use: Potion            |       |     2 ||     2
       Scroll            |       |     2 ||     2
Armor: Robe              |     3 |     5 ||     8
       Ring mail         |       |    28 ||    28
Dodge: Dodged            |    25 |    55 ||    80

Table legend: (Time is in decaauts)
 A = Elapsed time spent in this place.
 B = Non-inter-level travel time spent in this place.
 C = Inter-level travel time spent in this place.
 D = Time resting spent in this place.
 E = Time spent auto-exploring this place.
 F = Levels seen in this place.
 G = Mean time per level.
                   A        B        C        D        E       F      G
               +--------+--------+--------+--------+--------+-----+--------+
         Total |   5929 |   5752 |    177 |    593 |   4287 |   4 | 1482.2 |
       Dungeon |   5929 |   5752 |    177 |    593 |   4287 |   4 | 1482.2 |
               +--------+--------+--------+--------+--------+-----+--------+

Top non-repeatable levels by time:
     D:2: 2936 daAuts
     D:3: 1740 daAuts
     D:1: 1233 daAuts
     D:4: 19 daAuts
